 Dungeon Crawl Stone Soup version 0.30-a0-709-gcdc1b43e22 (webtiles) character file.

Game seed: 13888150438771473828

741 Citaku the Covered (level 7, -7/61 HPs)
             Began as a Minotaur Fighter on Jan 22, 2023.
             Mangled by an ogre
             ... wielding a +0 giant club
              (10 damage)
             ... on level 4 of the Dungeon.
             The game lasted 00:06:13 (3583 turns).

Citaku the Covered (Minotaur Fighter)               Turns: 3583, Time: 00:06:14

Health: -7/61      AC: 14    Str: 23    XL:     7   Next: 47%
Magic:  4/6        EV:  6    Int:  5    God:
Gold:   279        SH:  4    Dex:  9    Spells: 6/6 levels left

rFire   + . .      SeeInvis .    w - +1 war axe (heavy)
rCold   . . .      Faith    .    c - +0 buckler
rNeg    . . .      Spirit   .    k - +0 plate armour
rPois   .          Reflect  .    (helmet restricted)
rElec   .          Harm     .    p - +0 cloak
rCorr   .          Rampage  .    (no gloves)
Will    +....                    (no boots) Stlth
                                 (no amulet)
HPRegen 0.30/turn                g - ring of protection from fire
MPRegen 0.10/turn                t - ring of willpower

@: no status effects
A: horns 2, retaliatory headbutt
a: no special abilities


You were on level 4 of the Dungeon.
You visited 1 branch of the dungeon, and saw 4 of its levels.

You collected 279 gold pieces.

Inventory:

Hand Weapons
 w - a +1 heavy war axe (weapon)
Armour
 c - a +0 buckler (worn)
 k - a +0 plate armour (worn)
 p - a +0 cloak (worn)
Jewellery
 g - a ring of protection from fire (left hand)
 t - a ring of willpower (right hand)
 v - a ring of poison resistance
Wands
 l - a wand of roots (3)
 m - a wand of mindburst (13)
Scrolls
 b - 2 scrolls of poison {unknown}
 e - 2 scrolls of enchant weapon {unknown}
 h - 4 scrolls of teleportation {unknown}
 i - a scroll of noise {unknown}
 q - 4 scrolls of identify {unknown}
 s - 2 scrolls of enchant armour {unknown}
Potions
 a - 2 potions of heal wounds {unknown}
 d - a potion of might
 f - a potion of brilliance {unknown}
 j - 2 potions of degeneration {unknown}
 n - 2 potions of attraction {unknown}
 o - 2 potions of mutation {unknown}
 r - a potion of magic {unknown}
 u - a potion of curing {unknown}


   Skills:
 + Level 5.3 Fighting
 * Level 6.3 Axes
 * Level 6.8 Armour
 + Level 5.3 Shields


You had 6 spell levels left.
You didn't know any spells.
Your spell library contained the following spells:

 Spells                   Type           Power      Damage    Failure   Level
 Beastly Appendage        Tmut           0%         N/A       100%        1
 Cigotuvi's Dreadful Rot  Necr/Pois/Air  0%         N/A       100%        2
 Wereblood                Tmut           0%         N/A       100%        2
 Spider Form              Tmut/Pois      0%         N/A       100%        3
 Dispel Undead            Necr           0%         3d6       100%        4
 Death Channel            Necr           0%         N/A       100%        6


Dungeon Overview and Level Annotations

Branches:
Dungeon (4/15)
 Temple: D:4-7

Altars:
Hepliaklqana
Wu Jian
Zin

Shops:
D:3 *


Innate Abilities, Weirdness & Mutations

You have a pair of horns on your head.
You reflexively headbutt those who attack you in melee.


Message History

The gnoll hits you with a +0 halberd.
You closely miss the gnoll.
The gnoll is heavily wounded.
The gnoll hits you but does no damage. The gnoll hits you with a +0 halberd.
You are too injured to fight recklessly!
You are too injured to fight recklessly!
There are monsters nearby!
You slice the gnoll!!
You kill the gnoll!
You barely miss the gnoll. You headbutt the gnoll.
The gnoll is lightly wounded.
The gnoll barely misses you. The gnoll hits you but does no damage.
You barely miss the gnoll.
The gnoll is lightly wounded.
The gnoll hits you but does no damage. The gnoll closely misses you.
You furiously retaliate!
You headbutt the gnoll!
You kill the gnoll!
An ogre comes into view. It is wielding a +0 giant club.
The ogre shouts!
Things that are here:
a +0 flail; a +0 halberd
Things that are here:
a +0 flail; a +0 halberd
Okay, then.
You hit the ogre but do no damage. You headbutt the ogre!
The ogre is moderately wounded.
The ogre hits you with a +0 giant club.
You hit the ogre.
The ogre is heavily wounded.
The ogre hits you with a +0 giant club!
* * * LOW HITPOINT WARNING * * *
The ogre hits you with a +0 giant club!
* * * LOW HITPOINT WARNING * * *
You completely miss the ogre.
The ogre is heavily wounded.
You block the ogre's attack.
You hit the ogre.
The ogre is heavily wounded.
The ogre hits you with a +0 giant club!
You die...

...............)....... ...#...#
############''''#############...#
...#....#...........#'###
...'....'....)...)).).#.~
...#....#........).[#.#.~
#####################)#.≈
............'.#....).#.~
............#.#......#.~
......O@..).#)##'###.#.~
........)..)#.#....#.#.~
###########)###....#.#.~
#....)...'....#'###
#############################...#
............................#...#
~≈≈~~~≈≈≈~~~≈~~~~≈~~~≈~~≈~~~#####
≈≈≈≈≈≈≈≈≈≈≈≈~~≈≈≈≈≈≈≈≈~≈≈≈≈≈≈≈≈≈≈
~~~~~~~~~~~~~~~~~~≈~≈~≈≈~~~~~≈~~≈


You could see an ogre.

Vanquished Creatures
  A howler monkey (D:4)
  3 hounds (D:4)
  2 orc priests
  Crazy Yiuf (D:2)
  Ijyb (D:3)
  3 orc wizards (D:4)
  11 adders
  15 gnolls (D:4)
  3 dart slugs
  25 orcs
  10 bats
  10 endoplasms
  5 giant cockroaches
  8 goblins
  12 hobgoblins
  14 jackals
  12 kobolds
  11 quokkas
  9 ball pythons
  6 frilled lizards
  3 rats (D:1)
165 creatures vanquished.

Vanquished Creatures (others)
  4 fungi (D:2)
  3 plants (D:4)
7 creatures vanquished.

Grand Total: 172 creatures vanquished

Notes
Turn   | Place    | Note
-------+----------+-------------------------------------------
     0 | D:1      | Citaku the Minotaur Fighter began the quest for the Orb.
     0 | D:1      | Reached XP level 1. HP: 19/19 MP: 0/0
    64 | D:1      | Reached XP level 2. HP: 26/27 MP: 1/1
   481 | D:1      | Reached XP level 3. HP: 33/33 MP: 2/2
  1100 | D:2      | You fall into a shaft and drop 2 floors!
  1142 | D:3      | Found Zin's Purification Station.
  1156 | D:3      | Reached XP level 4. HP: 39/40 MP: 3/3
  1160 | D:3      | Found a glowing silver altar of Zin.
  1322 | D:3      | Noticed Ijyb
  1326 | D:3      | Killed Ijyb
  1327 | D:3      | Reached skill level 5 in Armour
  1391 | D:2      | Reached XP level 5. HP: 47/47 MP: 4/4
  1448 | D:2      | Found a hazy altar of Hepliaklqana.
  2085 | D:2      | Found a runed translucent door.
  2086 | D:2      | Noticed Crazy Yiuf
  2092 | D:2      | Killed Crazy Yiuf
  2521 | D:3      | Reached XP level 6. HP: 53/53 MP: 5/5
  2824 | D:4      | Found an ornate altar of the Wu Jian Council.
  2874 | D:4      | Reached skill level 5 in Axes
  3192 | D:4      | Reached skill level 5 in Fighting
  3212 | D:4      | Reached skill level 5 in Shields
  3232 | D:4      | Reached XP level 7. HP: 61/61 MP: 6/6
  3581 | D:4      | HP: 2/61 [ogre/+0 giant club (12)]
  3583 | D:4      | Mangled by an ogre

Illustrated notes

Levels and vault maps discovered:
D:1:      dpeg_arrival_renting, layout_basic, serial_rivers,
          chequers_serial_rivers_small_a, chequers_serial_rivers_micro_b,
          chequers_serial_rivers_large_a, chequers_serial_rivers_micro_d,
          chequers_serial_rivers_micro_b, chequers_serial_rivers_marsh
D:2:      layout_loops_ring, basic_altar, minmay_tall_x, uniq_crazy_yiuf_cottage
D:3:      layout_loops_ring, zin_purify, minmay_fractal_squares_5, uniq_ijyb
D:4:      lemuel_castle_with_subvaults [lemuel_castle_interior_carwin_1],
          layout_cave_pools, nzn_wu_jian_council_hall

Skill      XL: |  1  2  3  4  5  6  7 |
---------------+----------------------+-----
Armour         | 4 5 6 |  6.8
Axes           | 3 4 5 6 |  6.3
Fighting       | 4 5 |  5.3
Shields        | 4 5 |  5.3

Action                     |  1- 3 |  4- 6 |  7- 9 || total
---------------------------+-------+-------+-------++-------
  Melee: War axe           |    91 |   202 |    64 ||   357
         Headbutt          |    10 |    31 |    11 ||    52
    Use: Potion            |       |     1 |       ||     1
 Armour: Scale mail        |    26 |       |       ||    26
         Plate armour      |    19 |   194 |    51 ||   264
  Dodge: Dodged            |    28 |    73 |    22 ||   123
  Block: Buckler           |    24 |    51 |    14 ||    89

Table legend: (Time is in decaauts)
 A = Elapsed time spent in this place.
 B = Non-inter-level travel time spent in this place.
 C = Inter-level travel time spent in this place.
 D = Time resting spent in this place.
 E = Time spent auto-exploring this place.
 F = Levels seen in this place.
 G = Mean time per level.
                   A        B        C        D        E       F      G
               +--------+--------+--------+--------+--------+-----+--------+
         Total |   3771 |   3664 |    107 |      0 |   2700 |   4 |  942.8 |
       Dungeon |   3771 |   3664 |    107 |      0 |   2700 |   4 |  942.8 |
               +--------+--------+--------+--------+--------+-----+--------+

Top non-repeatable levels by time:
     D:1: 1097 daAuts
     D:4: 942 daAuts
     D:3: 896 daAuts
     D:2: 835 daAuts
